 Dungeon Crawl Stone Soup version 0.30-a0-358-g0d69a1922f (webtiles) character file.

Game seed: 3987533735905667030

18 IdlyInterested the Chiller (level 2, -1/21 HPs)
             Began as a Demonspawn Wanderer on Nov 9, 2022.
             Succumbed to a kobold's poison
             ... on level 1 of the Dungeon.
             The game lasted 00:02:22 (438 turns).

IdlyInterested the Chiller (Demonspawn Wanderer)     Turns: 438, Time: 00:02:23

Health: -1/21      AC:  2    Str:  9    XL:     2   Next: 51%
Magic:  5/5        EV: 11    Int: 16    God:
Gold:   69         SH:  0    Dex: 12    Spells: 4/5 levels left

rFire   . . .      SeeInvis .    f - +0 quarterstaff
rCold   . . .      Faith    .    (shield currently unavailable)
rNeg    . . .      Spirit   .    d - +0 robe
rPois   .          Reflect  .    (helmet restricted)
rElec   .          Harm     .    (no cloak)
rCorr   .          Rampage  .    (no gloves)
Will    .....                    (no boots)
Stlth   ++........               (no amulet)
HPRegen 0.23/turn                (no ring)
MPRegen 0.09/turn                (no ring)

@: lethally poisoned (-1 -> -4)
A: horns 1
a: no special abilities


You were on level 1 of the Dungeon.
You visited 1 branch of the dungeon, and saw 1 of its levels.

You collected 69 gold pieces.

Inventory:

Hand Weapons
 a - a +0 dagger
 f - a +0 quarterstaff (weapon)
 h - a +0 mace
Armour
 b - a +0 buckler
 d - a +0 robe (worn)
 g - a +0 robe
Scrolls
 i - a scroll of identify {unknown}
Potions
 c - a potion of lignification


   Skills:
 * Level 1.5 Fighting
 - Level 1.0 Dodging
 - Level 1.0 Stealth
 - Level 1.0 Shields
 - Level 2.0 Spellcasting
 - Level 4.0 Ice Magic
 - Level 1.0 Evocations


You had 4 spell levels left.
You knew the following spells:

 Your Spells              Type           Power      Damage    Failure   Level
a - Freeze                Ice            56%        1d7       4%          1

Your spell library contained the following spells:

 Spells                   Type           Power      Damage    Failure   Level
 Ensorcelled Hibernation  Hex/Ice        16%        N/A       14%         2
 Summon Ice Beast         Ice/Summ       8%         N/A       65%         4


Dungeon Overview and Level Annotations

Branches:
Dungeon (1/15)

Altars:


Innate Abilities, Weirdness & Mutations

You have a pair of small horns on your head.


Message History

The kobold hits you but does no damage.
You barely miss the kobold.
The kobold is moderately wounded.
The kobold hits you with a +0 short sword of venom.
You are poisoned.
You hit the kobold but do no damage. Your headbutt misses the kobold.
The kobold is moderately wounded.
You feel very sick. The kobold barely misses you.
The kobold hits you with a +0 short sword of venom.
You are lethally poisoned!
You hit the kobold but do no damage.
You feel very sick.
The kobold hits you with a +0 short sword of venom.
You hit the kobold but do no damage.
* * * LOW HITPOINT WARNING * * *
You feel very sick.
The kobold hits you with a +0 short sword of venom.
* * * LOW HITPOINT WARNING * * *
Unknown command.
You feel better.
The kobold hits you with a +0 short sword of venom.
You are poisoned.
You hit the kobold but do no damage.
* * * LOW HITPOINT WARNING * * *
You feel very sick.
The kobold hits you with a +0 short sword of venom.
* * * LOW HITPOINT WARNING * * *
The kobold barely misses you.
You closely miss the kobold.
* * * LOW HITPOINT WARNING * * *
You feel sick. The kobold closely misses you.
You hit the kobold.
The kobold is moderately wounded.
* * * LOW HITPOINT WARNING * * *
You feel sick. The kobold barely misses you.
Unknown command.
You hit the kobold. Your headbutt misses the kobold.
The kobold is heavily wounded.
You die...

############ ###
#...@K...... ..#
#.########## ####.#
#.##############..#.#
#................(#.#
#################.#.#
#.#.# ####.#.#
#....... #.......


You could see a kobold.

Vanquished Creatures
  A dart slug (D:1)
  A ball python (D:1)
  A bat (D:1)
  An endoplasm (D:1)
  3 goblins (D:1)
  2 jackals (D:1)
  2 frilled lizards (D:1)
  4 kobolds (D:1)
15 creatures vanquished.

Notes
Turn   | Place    | Note
-------+----------+-------------------------------------------
     0 | D:1      | IdlyInterested the Demonspawn Wanderer began the quest for
                  | the Orb.
     0 | D:1      | IdlyInterested set off with the following items: a +0
                  | dagger, a +0 buckler, a potion of lignification, a +0 robe,
                  | a potion of curing; and the following spell memorised:
                  | Freeze; and the following spells available to memorise:
                  | Ensorcelled Hibernation, Summon Ice Beast.
     0 | D:1      | Reached XP level 1. HP: 13/13 MP: 3/3
   140 | D:1      | Reached skill level 4 in Ice Magic
   140 | D:1      | Discovered your monstrous ancestry.
   140 | D:1      | Gained mutation: You have a pair of small horns on your
                  | head. [demonic ancestry]
   140 | D:1      | Reached XP level 2. HP: 11/20 MP: 5/5
   175 | D:1      | Reached skill level 1 in Fighting
   433 | D:1      | HP: 1/21 [kobold/+0 short sword of venom (3)]
   438 | D:1      | Succumbed to a kobold's poison

Illustrated notes

Levels and vault maps discovered:
D:1:      minmay_arrival_hallway, layout_basic, serial_shops, shop

Skill      XL: |  1  2 |
---------------+-------+-----
Ice Magic      | 4 |  4.0
Fighting       | 1 |  1.5
Dodging        | |  1.0
Stealth        | |  1.0
Shields        | |  1.0
Spellcasting   | |  2.0
Evocations     | |  1.0

Action                   || total
-------------------------++-------
Melee: Quarterstaff      ||    35
  Use: Potion            ||     1
 Stab: Sleeping          ||     1
Armor: Robe              ||     7
Dodge: Dodged            ||    19

Table legend: (Time is in decaauts)
 A = Elapsed time spent in this place.
 B = Non-inter-level travel time spent in this place.
 C = Inter-level travel time spent in this place.
 D = Time resting spent in this place.
 E = Time spent auto-exploring this place.
 F = Levels seen in this place.
 G = Mean time per level.
                   A        B        C        D        E       F      G
               +--------+--------+--------+--------+--------+-----+--------+
         Total |    447 |    447 |      0 |     20 |    258 |   1 |  447.0 |
       Dungeon |    447 |    447 |      0 |     20 |    258 |   1 |  447.0 |
               +--------+--------+--------+--------+--------+-----+--------+

Top non-repeatable levels by time:
     D:1: 447 daAuts
